AoeStats
← 進清十郎

Arena

508242702Analyzed
4v4 RM · 10d ago on Sep 21, 2026· 37m 48s· 8 players
Game mode
Random Map
Map size
Large (8 player)
Population
200
Speed
Normal
Resources
Standard
Victory
Conquest
Starting age
Dark Age
Ending age
Imperial Age
RankedLock teamsTeams togetherTeam positionsShared explorationLock speedFull tech treeHidden civsTurbo modeCheats
Victory
Defeat
🇭🇰 Italians · Hong Kong SAR China
1397
+15
🇦🇪 Persians · United Arab Emirates
1339
+18
🇭🇰 Turks · Hong Kong SAR China
1318
+19
🇭🇰 Burgundians · Hong Kong SAR China
1242
+21
🇹🇼 Slavs · Taiwan
1449
-21
🇹🇼 Bohemians · Taiwan
1362
-18
🇨🇳 Franks · China
1356
-18
🇹🇼 Shu · Taiwan
1330
-16
苏东坡的粉丝
4:42 Loom
11:30 Feudal Age
15:54 Castle Age
14:07 Double-Bit Axe
14:35 Gold Mining
17:42 Fletching
18:07 Bow Saw
26:21 Imperial Age
26:45 Fortified Wall
33:12 Wheelbarrow
32:55 Town Watch
38:47 Chemistry
1★跳高獵人
0:32 Loom
11:29 Feudal Age
15:24 Castle Age
14:16 Double-Bit Axe
14:12 Horse Collar
16:40 Wheelbarrow
16:25 Bow Saw
17:00 Fervor
22:35 Heavy Plow
24:30 Chemistry
27:33 Imperial Age
24:54 Treadmill Crane
25:38 Padded Archer Armor
25:51 Pikeman
26:32 Squires
29:46 Fortified Wall
30:13 Hand Cart
32:33 Leather Archer Armor
36:03 Ring Archer Armor
36:29 Scale Mail Armor
Benjamin
10:48 Feudal Age
11:39 Double-Bit Axe
14:45 Castle Age
12:48 Horse Collar
15:42 Bow Saw
15:33 Heavy Plow
18:58 Loom
19:48 Wheelbarrow
21:58 Town Watch
23:26 Hand Cart
24:20 Pikeman
25:00 Squires
27:52 Imperial Age
25:25 Pikeman
26:06 Squires
26:07 Scale Mail Armor
26:17 Forging
28:01 Chain Mail Armor
28:22 Iron Casting
27:40 Gold Mining
27:40 Stone Mining
27:55 Halberdier
28:16 Capped Ram
29:34 Plate Mail Armor
30:24 Conscription
29:36 Siege Ram
30:12 Man-at-Arms
31:53 Blast Furnace
32:07 Two-Man Saw
31:47 Long Swordsman
32:41 Two-Handed Swordsman
34:19 Champion
Captain Jack Sparrow
9:53 Feudal Age
10:32 Double-Bit Axe
15:04 Castle Age
13:27 Horse Collar
13:42 Gold Mining
16:06 Bow Saw
17:34 Wheelbarrow
17:44 Heavy Plow
18:57 Loom
19:14 Town Watch
19:45 Hand Cart
26:35 Imperial Age
23:59 Fletching
24:10 Padded Archer Armor
24:37 Stone Mining
24:34 Crossbowman
25:12 Bodkin Arrow
26:13 Ballistics
26:52 Thumb Ring
27:06 Leather Archer Armor
27:04 Arbalester
28:43 Gold Shaft Mining
29:37 Chemistry
29:54 Bracer
32:08 Bolt Magazine
32:30 Conscription
進清十郎
11:18 Feudal Age
14:51 Castle Age
12:53 Double-Bit Axe
12:51 Horse Collar
16:07 Bow Saw
18:36 Heavy Plow
22:27 Gold Mining
23:52 Wheelbarrow
25:11 Loom
28:25 Imperial Age
26:27 Hand Cart
26:16 Stone Mining
26:52 Scale Mail Armor
27:28 Forging
28:02 Chain Mail Armor
27:54 Squires
27:40 Arson
28:22 Pikeman
30:03 Plate Mail Armor
31:49 Iron Casting
33:31 Blast Furnace
38:53 Chemistry
無雙戰神-呂布
4:14 Loom
6:18 Double-Bit Axe
12:43 Feudal Age
16:56 Castle Age
15:49 Bow Saw
16:02 Horse Collar
17:00 Gold Mining
23:29 Husbandry
23:40 Stone Mining
24:28 Cavalier
26:23 Wheelbarrow
29:07 Hand Cart
30:33 Heavy Plow
31:35 Scale Barding Armor
33:16 Chain Barding Armor
33:07 Forging
34:02 Burgundian Vineyards
36:00 Iron Casting
39:59 Imperial Age
五虎上將-趙雲
13:21 Feudal Age
14:12 Gold Mining
14:09 Double-Bit Axe
17:04 Castle Age
18:33 Horse Collar
21:31 Imperial Age
20:17 Bow Saw
22:04 Padded Archer Armor
27:02 Wheelbarrow
29:17 Hand Cart
28:48 Loom
29:20 Heavy Plow
31:14 Leather Archer Armor
33:18 Ring Archer Armor
34:03 Scale Barding Armor
34:08 Forging
38:08 Chain Barding Armor
38:23 Iron Casting
Abadengo
10:01 Feudal Age
14:50 Castle Age
12:56 Horse Collar
13:33 Double-Bit Axe
16:52 Wheelbarrow
20:45 Bow Saw
21:28 Heavy Plow
22:29 Gold Mining
22:33 Stone Mining
23:50 Hand Cart
25:34 Gold Shaft Mining
25:41 Stone Shaft Mining
26:10 Loom
29:55 Imperial Age
28:04 Scale Barding Armor
28:34 Forging
30:07 Chain Barding Armor
30:23 Iron Casting
30:33 Conscription
30:43 Husbandry
30:54 Bloodlines
30:05 Elite War Elephant
31:54 Plate Barding Armor
32:30 Chemistry
34:39 Blast Furnace
35:33 Padded Archer Armor
37:28 Leather Archer Armor
Connection lost

Rejoining the realm…

Still unreachable

The connection could not be restored.

Session expired

The server has moved on; the page needs a fresh start.